 Dungeon Crawl Stone Soup version 0.18-a0-1805-g8ab820f (webtiles) character file.

658 M4edhros the Poker (level 7, 0/52 HPs)
             Began as a Mummy Chaos Knight on Apr 26, 2016.
             Slain by a centaur
             ... wielding an uncursed staff of fire
              (3 damage)
             ... on level 6 of the Dungeon.
             The game lasted 00:04:21 (3455 turns).

M4edhros the Poker (Mummy Chaos Knight)             Turns: 3455, Time: 00:04:22

Health: 0/52       AC:  8    Str: 15    XL:     7   Next: 29%
Magic:  7/7        EV: 11    Int: 11    God:    Xom [..*...]
Gold:   161        SH:  0    Dex: 14    Spells: 0 memorised, 6 levels left

rFire  . . .     SeeInvis +     a - +0 spear (chaos)
rCold  + . .     Gourm    .     b - +2 leather armour
rNeg   + + +     Faith    .     (no shield)
rPois  ∞         Spirit   .     o - +2 helmet
rElec  .         Dismiss  .     (no cloak)
rCorr  .         Reflect  .     (no gloves)
SustAt .         Harm     .     (no boots)
MR     .....                    n - amulet of rage
Stlth  +.........               r - ring of protection from fire
                                i - ring of see invisible

@: not resistant to hostile enchantments, very unstealthy
A: no food or potions, fire vulnerability, cold resistance 1, negative energy
resistance 3, torment resistance, unbreathing
a: Renounce Religion


You were on level 6 of the Dungeon.
You worshipped Xom.
You were a toy of Xom.
You were not hungry.

You visited 1 branch of the dungeon, and saw 6 of its levels.

You collected 161 gold pieces.

Inventory:

Hand Weapons
 a - a +0 spear of chaos (weapon)
 l - a +0 hunting sling
Missiles
 j - 54 sling bullets
 m - 79 stones (quivered)
Armour
 b - a +2 leather armour (worn)
 o - a +2 helmet (worn)
Jewellery
 f - an uncursed ring of protection from cold
 i - a ring of see invisible (left hand)
 k - an uncursed ring of positive energy
 n - an amulet of rage (around neck)
 r - a ring of protection from fire (right hand)
Scrolls
 c - 2 scrolls of magic mapping {unknown}
 d - 2 scrolls of identify {unknown}
 e - 5 scrolls of remove curse {unknown}
 g - a scroll of fear {unknown}
 h - a scroll of enchant armour {unknown}
 p - a scroll of enchant weapon {unknown}
 q - a scroll of teleportation {unknown}
 s - 2 scrolls of immolation {unknown}
 t - a scroll of amnesia {unknown}
 u - a scroll of noise {unknown}


   Skills:
 - Level 3.0 Fighting
 + Level 7.1 Polearms
 - Level 1.5 Armour
 - Level 0.7 Dodging


You had 6 spell levels left.
You didn't know any spells.

Dungeon Overview and Level Annotations

Branches:
Dungeon (6/15)
 Temple: D:4-7

Altars:


Innate Abilities, Weirdness & Mutations

You do not eat or drink.
Your flesh is vulnerable to fire.
You are immune to poison.
Your flesh is cold resistant.
You are immune to negative energy.
You are immune to unholy pain and torment.
You can survive without breathing.


Message History

An adder comes into view.
You see here an arrow.
You are too injured to fight recklessly!
You can't drink.
The centaur shoots an arrow.
The arrow hits you!
You see here an arrow.
The centaur shoots an arrow.
The arrow hits you!
You see here 2 arrows.
The centaur shoots an arrow.
The arrow hits you.
* * * LOW HITPOINT WARNING * * *
You see here an arrow.
You hit the centaur.
The centaur is lightly wounded.
The centaur unwields an uncursed shortbow.
The centaur wields an uncursed staff of fire.
The centaur hits you with an uncursed staff of fire!
* * * LOW HITPOINT WARNING * * *
The centaur burns you!
You die...
Xom roars with laughter!

#......#....##...
#...###'#####........
#...##.....##...##...
#...#......##...##...
#...##.....#.........
####... #.....#.........
....... #####'##........
....<..##(....#######...
.....Sc@(.....# ####
####...##.....# #+##
#.....# .....%.#
.........# #..........#
###+###....# ######


You could see a centaur and an adder.

Vanquished Creatures
  Sigmund (D:2)
  A phantom (D:6)
  A centaur (shapeshifter) (D:2)
  A scorpion (D:5)
  An orc priest (D:5)
  Jessica (D:3)
  An iguana (D:5)
  A worker ant (D:6)
  Natasha (D:2)
  Robin (D:2)
  5 adders
  An ooze (D:3)
  A dart slug (D:1)
  2 giant geckos
  2 orcs
  8 bats
  2 giant cockroaches (D:1)
  17 goblins
  8 hobgoblins
  6 jackals
  6 kobolds
  3 quokkas
  3 ball pythons
  A giant gecko zombie (D:5)
  3 giant newts
  A quokka zombie (D:5)
  10 rats
89 creatures vanquished.

Vanquished Creatures (others)
  A giant newt (D:1)
1 creature vanquished.

Grand Total: 90 creatures vanquished

Notes
Turn   | Place    | Note
--------------------------------------------------------------
     0 | D:1      | M4edhros the Mummy Chaos Knight began the quest for the Orb.
     0 | D:1      | Reached XP level 1. HP: 18/18 MP: 1/1
     7 | D:1      | XOM: potion effect (brilliance)
   118 | D:1      | Reached XP level 2. HP: 17/24 MP: 2/2
   208 | D:1      | Reached skill level 3 in Polearms
   231 | D:1      | XOM: mild Erth miscast
   539 | D:1      | Reached XP level 3. HP: 29/29 MP: 3/3
   817 | D:2      | XOM: silly message
   833 | D:2      | Noticed a centaur
   833 | D:2      | a worker ant changed into a centaur
   839 | D:2      | HP: 1/29 [centaur (shapeshifter) (5)]
   842 | D:2      | Killed a centaur
   842 | D:2      | Reached skill level 4 in Polearms
   842 | D:2      | Reached XP level 4. HP: 1/35 MP: 4/4
   981 | D:2      | XOM: 1-stop teleportation journey
  1131 | D:2      | XOM: mild Necr miscast
  1144 | D:2      | Found a faded altar to an unknown god.
  1207 | D:2      | Reached XP level 5. HP: 41/41 MP: 5/5
  1420 | D:2      | XOM: god gift: 12 stones
  1443 | D:2      | Noticed Natasha
  1452 | D:2      | XOM: enchant monster (good)
  1631 | D:2      | XOM: smoke on damage
  1637 | D:2      | Killed Natasha
  1637 | D:2      | Reached skill level 5 in Polearms
  1834 | D:2      | Noticed Robin
  1841 | D:2      | XOM: confuse monster(s)
  1842 | D:2      | XOM: cast spell 'Olgreb's Toxic Radiance'
  1872 | D:2      | Killed Robin
  1894 | D:2      | XOM: divination: magic mapping
  1990 | D:2      | XOM: silly message
  2070 | D:2      | Noticed Sigmund
  2085 | D:2      | XOM: butterfly on damage
  2102 | D:2      | XOM: silly message
  2112 | D:2      | XOM: harmless Air miscast
  2124 | D:1      | XOM: divination: detect creatures
  2226 | D:1      | XOM: silly message
  2368 | D:2      | XOM: potion effect (might)
  2375 | D:2      | Killed Sigmund
  2375 | D:2      | Reached skill level 6 in Polearms
  2375 | D:2      | Reached XP level 6. HP: 46/47 MP: 6/6
  2475 | D:3      | XOM: noise
  2519 | D:3      | Noticed Jessica
  2531 | D:3      | Killed Jessica
  2686 | D:3      | XOM: harmless Summ miscast
  2900 | D:5      | Entered Level 5 of the Dungeon
  3163 | D:5      | XOM: smoke on damage
  3165 | D:5      | Reached XP level 7. HP: 20/52 MP: 7/7
  3415 | D:6      | XOM: harmless Necr miscast
  3436 | D:6      | Reached skill level 7 in Polearms
  3455 | D:6      | Slain by a centaur

Vault maps used:
D:1:      matt_arrival_grand_opening
D:2:      ecumenical_altar_1, feat_on_display, uniq_natasha, uniq_sigmund,
          uniq_robin
D:3:      first_bread, uniq_jessica
D:4:      led_xom_imps, uniq_blork_the_orc
D:5:      temple_green, serial_undead, serial_undead_f, serial_undead_a,
          serial_undead_f, serial_undead_b, serial_undead_d, serial_undead_f

Skill      XL: |  1  2  3  4  5  6  7 |
---------------+----------------------+-----
Polearms       | 3 4 6 7 |  7.1
Fighting       | |  3.0
Armour         | |  1.5
Dodging        | |  0.7

Action                   |  1- 3 |  4- 6 |  7- 9 || total
-------------------------+-------+-------+-------++-------
Melee: Spear             |   145 |   199 |    45 ||   389
 Stab: Distracted        |     1 |       |       ||     1
       Paralysed         |     1 |     2 |     7 ||    10
       Sleeping          |       |     3 |       ||     3
Armor: Leather armour    |    40 |    41 |    11 ||    92
Dodge: Dodged            |    64 |    80 |    11 ||   155
